 Dungeon Crawl Stone Soup version 0.29-a0-541-gaf1fc19f1b (webtiles) character file.

Game seed: 9166230315919746123

23 xian the Conjurer (level 2, -1/20 HPs)
             Began as a Draconian Conjurer on June 2, 2022.
             Slain by Terence
             ... wielding a +2 short sword of electrocution
              (4 damage)
             ... on level 2 of the Dungeon on June 3, 2022.
             The game lasted 00:03:56 (1097 turns).

xian the Conjurer (Draconian Conjurer)              Turns: 1097, Time: 00:03:57

Health: -1/20      AC:  4    Str:  9    XL:     2   Next: 72%
Magic:  1/5        EV: 12    Int: 18    God:
Gold:   30         SH:  0    Dex:  9    Spells: 2/5 levels left

rFire   . . .      SeeInvis .   h - +0 short sword
rCold   . . .      Faith    .   (no shield)
rNeg    . . .      Spirit   .   (body armour unavailable)
rPois   .          Reflect  .   (helmet restricted)
rElec   .          Harm     .   (no cloak)
rCorr   .          Rampage  .   (no gloves)
Will    .....                   (no boots)
Stlth   ++........              (no amulet)
HPRegen 0.06/turn               (no ring)
MPRegen 0.09/turn               (no ring)

@: no status effects
A: AC +4, unfitting armour, cold-blooded
a: no special abilities


You were on level 2 of the Dungeon.
You visited 1 branch of the dungeon, and saw 2 of its levels.

You collected 30 gold pieces.

Inventory:

Hand Weapons
 h - a +0 short sword (weapon)
Scrolls
 c - a scroll of identify {unknown}
 d - a scroll of vulnerability {unknown}
 e - 2 scrolls of teleportation {unknown}
 f - a scroll of brand weapon {unknown}
 g - a scroll of magic mapping {unknown}
Potions
 a - a potion of magic
 b - 2 potions of flight {unknown}
 i - a potion of heal wounds {unknown}


   Skills:
 + Level 1.9 Dodging
 + Level 1.8 Stealth
 + Level 2.1 Spellcasting
 + Level 4.6 Conjurations


You had 2 spell levels left.
You knew the following spells:

 Your Spells              Type           Power      Damage    Failure   Level
a - Magic Dart            Conj           72%        1d6       2%          1
b - Searing Ray           Conj           36%        2d5       4%          2

Your spell library contained the following spells:

 Spells                   Type           Power      Damage    Failure   Level
 Dazzling Flash           Conj/Hex       20%        N/A       21%         3
 Fulminant Prism          Conj/Hex       5%         3d7       56%         4
 Iskenderun's Mystic Bla  Conj/Tloc      10%        2d4       56%         4


Dungeon Overview and Level Annotations

Branches:
Dungeon (2/15)

Altars:

Shops:
D:1 (

Annotations:
D:2 Terence


Innate Abilities, Weirdness & Mutations

Your plain brown scales are hard. (AC +4)
You cannot fit into any form of body armour.
You are cold-blooded and may be slowed by cold attacks.


Message History

You see here a rat corpse.
There is a stone staircase leading down here.
Done exploring.
Done exploring.
There is a stone staircase leading down here.
Unknown command.
Welcome back, xian the Draconian Conjurer.
Press ? for a list of commands and other information.
Done exploring.
You climb downwards.
Found 8 gold pieces.
There is a stone staircase leading up here.
Casting: Magic Dart (safe; 2% risk of failure)
Confirm with . or Enter, or press ? or * to list all spells.
Okay, then.
You climb upwards.
There is a stone staircase leading down here.
Memorise Searing Ray, consuming 2 spell levels and leaving 2?
You start memorising the spell.
You continue memorising. x2
You finish memorising.
Spell assigned to 'b'.
You climb downwards.
Level annotation: Terence
There is a stone staircase leading up here.
Casting: Magic Dart (safe; 2% risk of failure)
Confirm with . or Enter, or press ? or * to list all spells.
Aiming: Searing Ray (safe; 4% risk of failure)
Press: ? - help, Shift-Dir - straight line, f - Terence
Aim: Terence, wielding a +2 short sword of electrocution and wearing a +0 chain mail (asleep, 100% to hit)
The searing ray hits Terence.
Terence is lightly wounded. (Press . to maintain the ray.)
The searing ray hits Terence but does no damage.
Terence is lightly wounded.
Terence hits you with a +2 short sword of electrocution!
You are electrocuted!
* * * LOW HITPOINT WARNING * * *
The searing ray hits Terence.
Terence is moderately wounded.
Terence hits you with a +2 short sword of electrocution.
You die...

###...##.##
#.........#
#.........#
#.........#
#.........####
#............
#.........#
#.....@@..#
#.........#
..........#
.......####
.##...# ...#.
.##... ##$#


You could see Terence.

Vanquished Creatures
  4 ball pythons (D:1)
  2 bats (D:1)
  An endoplasm (D:1)
  2 giant cockroaches (D:1)
  A goblin (D:1)
  3 hobgoblins (D:1)
  3 kobolds (D:1)
  2 frilled lizards (D:1)
  3 rats (D:1)
21 creatures vanquished.

Notes
Turn   | Place    | Note
-------+----------+-------------------------------------------
     0 | D:1      | xian the Draconian Conjurer began the quest for the Orb.
     0 | D:1      | Reached XP level 1. HP: 14/14 MP: 3/3
   392 | D:1      | Reached XP level 2. HP: 20/20 MP: 0/5
   476 | D:1      | Found Erograre's Weapon Boutique.
   499 | D:1      | Found a faded altar of an unknown god.
  1087 | D:2      | Noticed Terence
  1093 | D:1      | Learned a level 2 spell: Searing Ray
  1097 | D:2      | Slain by Terence

Illustrated notes

Levels and vault maps discovered:
D:1:      psy_arrival_conway, layout_rooms, serial_shops,
          nicolae_shop_bloodbath_and_beyond, ebering_ecumenical_altar_rust,
          minmay_ruptured
D:2:      layout_loops_ring, uniq_crazy_yiuf_cottage, uniq_terence

Action                   || total
-------------------------++-------
Melee: Unarmed           ||     5
       Short sword       ||     5
 Cast: Magic Dart        ||    30
       Searing Ray       ||     1
Armor: Skin              ||     6
Dodge: Dodged            ||    11

Table legend: (Time is in decaauts)
 A = Elapsed time spent in this place.
 B = Non-inter-level travel time spent in this place.
 C = Inter-level travel time spent in this place.
 D = Time resting spent in this place.
 E = Time spent auto-exploring this place.
 F = Levels seen in this place.
 G = Mean time per level.
                   A        B        C        D        E       F      G
               +--------+--------+--------+--------+--------+-----+--------+
         Total |   1104 |   1104 |      0 |      0 |    981 |   2 |  552.0 |
       Dungeon |   1104 |   1104 |      0 |      0 |    981 |   2 |  552.0 |
               +--------+--------+--------+--------+--------+-----+--------+

Top non-repeatable levels by time:
     D:1: 1099 daAuts
     D:2: 5 daAuts
